Rivermen vs Falcons

Created - Wednesday, October 08, 2014 at 22:30

Goals
1 2 3 T
Rivermen 0 1 0 1
Falcons 2 0 5 7
Shots
1 2 3 T
Rivermen 8 10 4 22
Falcons 7 5 14 26

1st period

1. Falcons , Quinton Howden 1 (Brian Connelly) at 8:31
2. Falcons , Antoine Roussel 1 (Austin Watson) at 14:50

Penalties :
Antoine Roussel (SPR) for Fighting (Major) at 1:00, Ryan Reaves (Peo) for Fighting (Major) at 1:00, Jeremy Morin (Peo) for Holding Stick (Minor) at 9:55

2nd period

3. Rivermen , Brian Gibbons 1 (Ryan Reaves, Tyler Bunz) at 4:17 (PP)

Penalties :
Cal O'Reilly (SPR) for Elbowing (Minor) at 4:05, Kris Fredheim (SPR) for Interference (Minor) at 13:21, Joe Whitney (Peo) for Holding Stick (Minor) at 17:06

3rd period

4. Falcons , Antoine Roussel 2 (Cal O'Reilly, Kevin Connauton) at 1:09
5. Falcons , Kevin Connauton 1 (Quinton Howden, Mitch Callahan) at 5:24
6. Falcons , Quinton Howden 2 (Kevin Connauton) at 8:04
7. Falcons , Antoine Roussel 3 (Cal O'Reilly) at 13:13
8. Falcons , Austin Watson 1 (Drew Shore, Jeff Taffe) at 13:37 (PP)

Penalties :
Drew Shore (SPR) for Interference (Minor) at 2:45, Mitch Callahan (SPR) for Hooking (Minor) at 9:27, Ryan Reaves (Peo) for Holding (Minor) at 13:16, Adam Pardy (SPR) for Tripping (Minor) at 13:56

Goalie Stats

Tyler Bunz (Peo), 15 saves from 19 shots - (0.789), L, 0-2-0, 45:24 minutes
Jared Coreau (Peo), 4 saves from 7 shots - (0.571), 14:36 minutes
Al Montoya (SPR), 21 saves from 22 shots - (0.955), W, 2-0-0, 60:00 minutes

Players Stats for Rivermen

Player Name              G  A  P  +/- PIM S  H  SB GA TA FO     MP     PP MP  PK MP  
------------------------------------------------------------------------------------
Anton Belov              0  0  0  -3  0   4  2  1  0  0  0/0    25:59   4:36   2:22 
Blair Jones              0  0  0   0  0   2  4  1  1  1  5/11   22:43   3:45   2:30 
Brian Gibbons            1  0  1  -1  0   8  0  1  5  1  6/15   20:32   4:23   1:23 
Brian O'Neill            0  0  0  -5  0   1  0  0  0  0  0/0    15:14   0:00   0:00 
Cody Goloubef            0  0  0  -2  0   0  0  2  0  0  0/0    14:07   0:00   0:00 
J.T. Brown               0  0  0   0  0   1  0  0  3  0  0/5    22:52   3:47   3:06 
Jeremy Morin             0  0  0  -5  2   1  4  0  3  0  0/0    17:04   0:35   0:56 
Joakim Nordstrom         0  0  0  -5  0   2  0  0  0  0  4/11   15:52   0:20   0:00 
Joe Piskula              0  0  0  -2  0   0  0  0  0  0  0/0    14:07   0:00   0:00 
Joe Whitney              0  0  0  -1  2   1  1  0  0  2  1/1    19:33   3:26   0:26 
John Lee                 0  0  0  -1  0   0  0  0  0  0  0/0     4:09   0:00   0:00 
Mark Stone               0  0  0   0  0   2  0  0  5  1  0/0    17:18   3:45   0:17 
Maxime Fortunus          0  0  0  -1  0   0  0  1  0  3  0/0    19:54   3:32   1:57 
Nathan Longpre           0  0  0   0  0   0  0  0  0  0  0/0     0:31   0:00   0:00 
Rob Davison              0  0  0  -1  0   0  1  2  0  1  0/0    19:54   3:32   1:57 
Ryan Reaves              0  1  1  -1  7   0  3  0  1  1  0/0    16:38   4:23   0:00 
Ryan Sproul              0  0  0  -2  0   0  3  1  0  1  0/0    21:50   4:36   2:22 
Zack Phillips            0  0  0   0  0   0  0  0  0  0  1/1     7:20   0:00   0:00 

Players Stats for Falcons

Player Name              G  A  P  +/- PIM S  H  SB GA TA FO     MP     PP MP  PK MP  
------------------------------------------------------------------------------------
Adam Pardy               0  0  0   0  2   0  2  3  0  0  0/0    24:29   2:15   3:52 
Antoine Roussel          3  0  3   3  5   6  4  0  1  1  0/0    13:32   0:00   2:38 
Austin Watson            1  1  2   3  0   1  1  0  3  0  0/0    16:02   2:43   1:17 
Brian Connelly           0  1  1   1  0   0  1  1  0  0  0/0    13:54   0:00   0:00 
Brian Dumoulin           0  0  0   5  0   2  0  0  0  0  0/0    24:19   2:04   2:09 
Cal O'Reilly             0  2  2   3  2   1  2  0  3  0  10/12  20:23   2:07   1:17 
Chris Thorburn           0  0  0   0  0   0  5  0  1  2  1/1    14:45   1:36   1:14 
Drew Shore               0  1  1   0  2   1  0  0  3  1  0/0    19:04   2:43   4:19 
Jeff Hoggan              0  0  0   3  0   1  1  0  0  1  0/0    16:59   0:00   0:00 
Jeff Taffe               0  1  1   0  0   2  1  0  0  1  11/21  23:59   2:12   4:47 
Jordan Weal              0  0  0   0  0   3  1  0  0  0  1/1     9:39   1:36   0:00 
Kevin Connauton          1  2  3   5  0   4  2  1  2  0  0/0    25:59   2:05   4:16 
Kris Fredheim            0  0  0   0  2   0  0  0  0  0  0/0     2:52   0:00   0:00 
Matt Ellis               0  0  0   0  0   0  0  0  0  0  0/0     0:00   0:00   0:00 
Mitch Callahan           0  1  1   3  2   1  3  0  0  0  1/1    17:36   0:00   0:00 
Philip Varone            0  0  0   0  0   0  0  0  0  0  0/0     1:43   0:00   0:44 
Quinton Howden           2  1  3   3  0   4  0  1  1  1  3/8    16:59   0:00   0:00 
Radek Martinek           0  0  0   1  0   0  1  2  1  1  0/0    29:32   2:14   5:59 

3 Stars

1 - Kevin Connauton (SPR)
2 - Quinton Howden (SPR)
3 - Antoine Roussel (SPR)

Power Play

Rivermen - 1 on 5 Attempt(s) - 20.00%
Falcons - 1 on 3 Attempt(s) - 33.33%

Penalty Kill

Rivermen - 2 on 3 Attempt(s) - 66.67% - Score 0 goal in Penalty Kill
Falcons - 4 on 5 Attempt(s) - 80.00% - Score 0 goal in Penalty Kill

Official

Referees : Unknown
Linesman : Unknown

Game Notes

Antoine Roussel and Ryan Reaves fight to a draw at 1:00 of 1st period
Jared Coreau enters game at 5:24 of 3rd period
Antoine Roussel has scored a Hat Trick!
18:28 of 3rd period - Falcons goal is going for a video replay. After video review, No Goal. The puck has been kicked using a distinct kicking motion.

Finance

Level 1 -- Attendance: 1528 (76.40%) -- Ticket Income $53,480
Level 2 -- Attendance: 696 (69.60%) -- Ticket Income $10,440
Total Attendance: 2224 (74.13%)
Total Ticket Income: $63,920
Other Income: $31,321
Total Income: $95,241

Rivermen

5 vs 5 Forward 
   Center                   Left Wing                Right Wing               Time % Phy DF OF 
 1 Blair Jones              J.T. Brown               Mark Stone               35     1   2  2  
 2 Brian Gibbons            Joe Whitney              Ryan Reaves              30     1   2  2  
 3 Joakim Nordstrom         Jeremy Morin             Brian O'Neill            22     1   2  2  
 4 Zack Phillips            J.T. Brown               Blair Jones              13     1   2  2  

5 vs 5 Defense 
   Defense                  Defense                                           Time % Phy DF OF 
 1 Anton Belov              Ryan Sproul                                       35     1   2  2  
 2 Rob Davison              Maxime Fortunus                                   30     1   2  2  
 3 Cody Goloubef            Joe Piskula                                       22     1   2  2  
 4 John Lee                 Anton Belov                                       13     1   2  2  

PowerPlay Forward 
   Center                   Left Wing                Right Wing               Time % Phy DF OF 
 1 Blair Jones              J.T. Brown               Mark Stone               60     1   2  2  
 2 Brian Gibbons            Joe Whitney              Ryan Reaves              40     1   2  2  

PowerPlay Defense
   Defense                  Defense                                           Time % Phy DF OF 
 1 Anton Belov              Ryan Sproul                                       60     1   2  2  
 2 Rob Davison              Maxime Fortunus                                   40     1   2  2  

Penalty Kill 4 Players Forward 
   Center                   Wing                     Time % Phy DF OF 
 1 J.T. Brown               Blair Jones              60     1   2  2  
 2 Brian Gibbons            Mark Stone               40     1   2  2  

Penalty Kill 4 Players Defense
   Defense                  Defense                  Time % Phy DF OF 
 1 Anton Belov              Ryan Sproul              60     1   2  2  
 2 Rob Davison              Maxime Fortunus          40     1   2  2  

Penalty Kill - 3 Players Forward 
   Forward                                           Time % Phy DF OF 
 1 J.T. Brown                                        60     1   2  2  
 2 Blair Jones                                       40     1   2  2  

Penalty Kill - 3 Players Defense
   Defense                  Defense                  Time % Phy DF OF 
 1 Anton Belov              Ryan Sproul              60     1   2  2  
 2 Rob Davison              Maxime Fortunus          40     1   2  2  

4 vs 4 Forward 
   Center                   Wing                     Time % Phy DF OF 
 1 J.T. Brown               Blair Jones              60     1   2  2  
 2 Brian Gibbons            Mark Stone               40     1   2  2  

4 vs 4 Defense
   Defense                  Defense                  Time % Phy DF OF 
 1 Anton Belov              Ryan Sproul              60     1   2  2  
 2 Rob Davison              Maxime Fortunus          40     1   2  2  

Last Minutes Offensive
   Center                   Left Wing                Right Wing               Defense                  Defense                  
   Blair Jones              J.T. Brown               Mark Stone               Anton Belov              Ryan Sproul              

Last Minutes Defensive
   Center                   Left Wing                Right Wing               Defense                  Defense                  
   Blair Jones              J.T. Brown               Mark Stone               Anton Belov              Ryan Sproul              

Goaltenders
Starting : Tyler Bunz               
Backup : Jared Coreau             

Extra Forwards
Normal : Joakim Nordstrom, Zack Phillips, Jeremy Morin - PP : Joakim Nordstrom, Zack Phillips - PK : Jeremy Morin
Extra Defensemen
Normal : Cody Goloubef, Joe Piskula, John Lee - PP : Cody Goloubef - PK : Joe Piskula, John Lee
Penalty Shots
J.T. Brown, Blair Jones, Brian Gibbons, Mark Stone, Ryan Reaves

Falcons

5 vs 5 Forward 
   Center                   Left Wing                Right Wing               Time % Phy DF OF 
 1 Jeff Taffe               Drew Shore               Chris Thorburn           35     1   2  2  
 2 Cal O'Reilly             Austin Watson            Antoine Roussel          30     1   2  2  
 3 Jeff Taffe               Cal O'Reilly             Jordan Weal              22     1   2  2  
 4 Quinton Howden           Mitch Callahan           Jeff Hoggan              13     1   2  2  

5 vs 5 Defense 
   Defense                  Defense                                           Time % Phy DF OF 
 1 Radek Martinek           Adam Pardy                                        35     1   2  2  
 2 Kevin Connauton          Brian Dumoulin                                    30     1   2  2  
 3 Radek Martinek           Brian Connelly                                    22     1   2  2  
 4 Brian Dumoulin           Radek Martinek                                    13     1   2  2  

PowerPlay Forward 
   Center                   Left Wing                Right Wing               Time % Phy DF OF 
 1 Jeff Taffe               Drew Shore               Austin Watson            60     1   2  2  
 2 Cal O'Reilly             Chris Thorburn           Jordan Weal              40     1   2  2  

PowerPlay Defense
   Defense                  Defense                                           Time % Phy DF OF 
 1 Radek Martinek           Adam Pardy                                        60     1   2  2  
 2 Brian Dumoulin           Kevin Connauton                                   40     1   2  2  

Penalty Kill 4 Players Forward 
   Center                   Wing                     Time % Phy DF OF 
 1 Jeff Taffe               Drew Shore               60     1   2  2  
 2 Cal O'Reilly             Austin Watson            40     1   2  2  

Penalty Kill 4 Players Defense
   Defense                  Defense                  Time % Phy DF OF 
 1 Radek Martinek           Adam Pardy               60     1   2  2  
 2 Brian Dumoulin           Kevin Connauton          40     1   2  2  

Penalty Kill - 3 Players Forward 
   Forward                                           Time % Phy DF OF 
 1 Jeff Taffe                                        60     1   2  2  
 2 Cal O'Reilly                                      40     1   2  2  

Penalty Kill - 3 Players Defense
   Defense                  Defense                  Time % Phy DF OF 
 1 Radek Martinek           Kevin Connauton          60     1   2  2  
 2 Adam Pardy               Brian Connelly           40     1   2  2  

4 vs 4 Forward 
   Center                   Wing                     Time % Phy DF OF 
 1 Jeff Taffe               Austin Watson            60     1   2  2  
 2 Cal O'Reilly             Drew Shore               40     1   2  2  

4 vs 4 Defense
   Defense                  Defense                  Time % Phy DF OF 
 1 Radek Martinek           Adam Pardy               60     1   2  2  
 2 Brian Connelly           Brian Dumoulin           40     1   2  2  

Last Minutes Offensive
   Center                   Left Wing                Right Wing               Defense                  Defense                  
   Jeff Taffe               Drew Shore               Austin Watson            Radek Martinek           Adam Pardy               

Last Minutes Defensive
   Center                   Left Wing                Right Wing               Defense                  Defense                  
   Jeff Taffe               Drew Shore               Austin Watson            Radek Martinek           Adam Pardy               

Goaltenders
Starting : Al Montoya               
Backup : Matt Climie              

Extra Forwards
Normal : Jeff Taffe, Cal O'Reilly, Jordan Weal - PP : Jeff Taffe, Cal O'Reilly - PK : Jeff Taffe
Extra Defensemen
Normal : Radek Martinek, Adam Pardy, Kevin Connauton - PP : Radek Martinek - PK : Kevin Connauton, Radek Martinek
Penalty Shots
Jeff Taffe, Austin Watson, Cal O'Reilly, Quinton Howden, Jeff Hoggan

% Time on Ice - Rivermen

Lines # - Real PCT - Wanted PCT - Time Play
Normal Forward
1 - 27% - 35% - 12:44
2 - 31% - 30% - 14:54
3 - 32% - 22% - 15:14
4 - 10% - 13% - 4:41
Normal Defense
1 - 31% - 35% - 14:52
2 - 30% - 30% - 14:25
3 - 30% - 22% - 14:07
4 - 9% - 13% - 4:09
PP Forward
1 - 46% - 60% - 3:45
2 - 54% - 40% - 4:23
PP Defense
1 - 57% - 60% - 4:36
2 - 43% - 40% - 3:32
PK Forward
1 - 93% - 60% - 4:02
2 - 7% - 40% - 0:17
PK Defense
1 - 55% - 60% - 2:22
2 - 45% - 40% - 1:57
PK3 Forward
1 - 0% - 60%
2 - 0% - 40%
PK3 Defense
1 - 0% - 60%
2 - 0% - 40%
44 Forward
1 - 0% - 60%
2 - 0% - 40%
44 Defense
1 - 0% - 60%
2 - 0% - 40%
Last Minute Offensive  - 0:00
Last Minute Defensive  - 0:00
Total
Forward - 60:00
Defense - 60:00

% Time on Ice - Falcons

Lines # - Real PCT - Wanted PCT - Time Play
Normal Forward
1 - 27% - 35% - 12:40
2 - 24% - 30% - 11:31
3 - 13% - 22% - 6:23
4 - 36% - 13% - 16:59
Normal Defense
1 - 28% - 35% - 13:33
2 - 34% - 30% - 16:09
3 - 29% - 22% - 13:54
4 - 8% - 13% - 3:57
PP Forward
1 - 63% - 60% - 2:43
2 - 37% - 40% - 1:36
PP Defense
1 - 52% - 60% - 2:15
2 - 48% - 40% - 2:04
PK Forward
1 - 84% - 60% - 6:51
2 - 16% - 40% - 1:17
PK Defense
1 - 74% - 60% - 5:59
2 - 26% - 40% - 2:09
PK3 Forward
1 - 0% - 60%
2 - 0% - 40%
PK3 Defense
1 - 0% - 60%
2 - 0% - 40%
44 Forward
1 - 0% - 60%
2 - 0% - 40%
44 Defense
1 - 0% - 60%
2 - 0% - 40%
Last Minute Offensive  - 0:00
Last Minute Defensive  - 0:00
Total
Forward - 60:00
Defense - 60:00

Play by Play

1st period


0:01 of 1st period - Blair Jones wins face-off versus Jeff Taffe in neutral zone.
0:04 of 1st period - Snap shot by Mark Stone.
0:04 of 1st period - Shot Misses the Net.
0:06 of 1st period - Slapshot by Anton Belov.
0:06 of 1st period - Stopped by Al Montoya without a rebound.
0:07 of 1st period - Blair Jones wins face-off versus Jeff Taffe in Falcons zone.
0:12 of 1st period - Backhand shot by Anton Belov.
0:12 of 1st period - Stopped by Al Montoya with a rebound.
0:14 of 1st period - Slapshot by Ryan Sproul.
0:14 of 1st period - Shot Blocked by Adam Pardy.
0:40 of 1st period - Wrist shot by Blair Jones.
0:40 of 1st period - Shot Blocked by Adam Pardy.
0:42 of 1st period - Slapshot by Mark Stone.
0:42 of 1st period - Shot Misses the Net.
1:00 of 1st period - Antoine Roussel and Ryan Reaves fight to a draw.
1:00 of 1st period - Penalty to Antoine Roussel for Fighting.
1:00 of 1st period - Penalty to Ryan Reaves for Fighting.
1:01 of 1st period - Cal O'Reilly wins face-off versus Joakim Nordstrom in neutral zone.
1:04 of 1st period - Maxime Fortunus is hit by Cal O'Reilly and loses puck.
1:38 of 1st period - Wrist shot by Jeremy Morin.
1:38 of 1st period - Shot Misses the Net.
1:47 of 1st period - Off-side.
1:48 of 1st period - Brian Gibbons wins face-off versus Quinton Howden in neutral zone.
2:09 of 1st period - Off-side.
2:10 of 1st period - Zack Phillips wins face-off versus Jeff Taffe in neutral zone.
3:29 of 1st period - Slapshot by Brian Gibbons.
3:29 of 1st period - Stopped by Al Montoya with a rebound.
3:31 of 1st period - Snap shot by Brian Gibbons.
3:31 of 1st period - Deflect By Joakim Nordstrom.
3:31 of 1st period - Shot Misses the Net.
3:31 of 1st period - Puck is out of play.
3:32 of 1st period - Cal O'Reilly wins face-off versus Joakim Nordstrom in Falcons zone.
4:27 of 1st period - Wrist shot by Mark Stone.
4:27 of 1st period - Stopped by Al Montoya with a rebound.
6:25 of 1st period - Antoine Roussel is hit by Ryan Reaves and loses puck.
6:52 of 1st period - Snap shot by Drew Shore.
6:52 of 1st period - Deflect By Jeff Taffe.
6:52 of 1st period - Shot Blocked by Cody Goloubef.
6:52 of 1st period - Puck is out of play.
6:53 of 1st period - Joakim Nordstrom wins face-off versus Jeff Taffe in Rivermen zone.
8:31 of 1st period - Snap shot by Quinton Howden.
8:31 of 1st period - Goal by Quinton Howden - Rivermen : 0 - Falcons : 1.
8:32 of 1st period - Blair Jones wins face-off versus Cal O'Reilly in neutral zone.
9:15 of 1st period - Snap shot by Brian Gibbons.
9:15 of 1st period - Deflect By Joe Whitney.
9:15 of 1st period - Stopped by Al Montoya without a rebound.
9:16 of 1st period - Joe Whitney wins face-off versus Quinton Howden in Falcons zone.
9:55 of 1st period - Minor Penalty to Jeremy Morin for Holding Stick.
9:56 of 1st period - Jeff Taffe wins face-off versus J.T. Brown in Rivermen zone.
9:59 of 1st period - Slapshot by Kevin Connauton.
9:59 of 1st period - Stopped by Tyler Bunz with a rebound.
10:01 of 1st period - Snap shot by Jeff Taffe.
10:01 of 1st period - Shot Misses the Net.
10:42 of 1st period - Anton Belov is hit by Chris Thorburn and loses puck.
10:57 of 1st period - Snap shot by Jordan Weal.
10:57 of 1st period - Stopped by Tyler Bunz without a rebound.
10:58 of 1st period - Jeff Taffe wins face-off versus J.T. Brown in Rivermen zone.
11:31 of 1st period - Blair Jones is hit by Chris Thorburn and loses puck.
11:55 of 1st period - Penalty to Jeremy Morin is over, Jeremy Morin is back on ice.
14:06 of 1st period - Snap shot by Blair Jones.
14:06 of 1st period - Stopped by Al Montoya without a rebound.
14:07 of 1st period - Mitch Callahan wins face-off versus Blair Jones in Falcons zone.
14:29 of 1st period - Ryan Reaves is hit by Adam Pardy and loses puck.
14:50 of 1st period - Wrist shot by Antoine Roussel.
14:50 of 1st period - Goal by Antoine Roussel - Rivermen : 0 - Falcons : 2.
14:51 of 1st period - Cal O'Reilly wins face-off versus Brian Gibbons in neutral zone.
15:50 of 1st period - Icing by Brian Dumoulin.
15:51 of 1st period - Quinton Howden wins face-off versus Joakim Nordstrom in Falcons zone.
15:51 of 1st period - Quinton Howden is hit by Ryan Sproul.
15:57 of 1st period - Joakim Nordstrom is hit by Jeff Hoggan and loses puck.
16:14 of 1st period - Backhand shot by Jeremy Morin.
16:14 of 1st period - Shot Misses the Net.
17:03 of 1st period - Wrist shot by J.T. Brown.
17:03 of 1st period - Deflect By Blair Jones.
17:03 of 1st period - Stopped by Al Montoya with a rebound.
17:33 of 1st period - Joakim Nordstrom is hit by Antoine Roussel and loses puck.
18:18 of 1st period - Snap shot by Quinton Howden.
18:18 of 1st period - Stopped by Tyler Bunz with a rebound.
19:05 of 1st period - Snap shot by Brian Gibbons.
19:05 of 1st period - Stopped by Al Montoya with a rebound.
19:07 of 1st period - Snap shot by Brian Gibbons.
19:07 of 1st period - Deflect By Ryan Reaves.
19:07 of 1st period - Shot Misses the Net.
19:07 of 1st period - Puck is out of play.
19:08 of 1st period - Jordan Weal wins face-off versus Brian Gibbons in Falcons zone.
19:26 of 1st period - Off-side.
19:27 of 1st period - Cal O'Reilly wins face-off versus Blair Jones in neutral zone.
19:30 of 1st period - Wrist shot by Antoine Roussel.
19:30 of 1st period - Shot Misses the Net.
19:32 of 1st period - Wrist shot by Antoine Roussel.
19:32 of 1st period - Stopped by Tyler Bunz with a rebound.
19:34 of 1st period - Slapshot by Brian Dumoulin.
19:34 of 1st period - Stopped by Tyler Bunz with a rebound.
Goals for this period are 0 for Rivermen vs 2 for Falcons.
Shots for this period are 8 for Rivermen vs 7 for Falcons.

2nd period


0:01 of 2nd period - Jeff Taffe wins face-off versus Blair Jones in neutral zone.
0:18 of 2nd period - Wrist shot by Blair Jones.
0:18 of 2nd period - Shot Misses the Net.
0:26 of 2nd period - Snap shot by Blair Jones.
0:26 of 2nd period - Shot Misses the Net.
0:37 of 2nd period - Snap shot by J.T. Brown.
0:37 of 2nd period - Stopped by Al Montoya with a rebound.
0:55 of 2nd period - Jeff Hoggan is hit by Ryan Sproul.
0:59 of 2nd period - Ryan Sproul is hit by Mitch Callahan and loses puck.
1:13 of 2nd period - Snap shot by Brian Gibbons.
1:13 of 2nd period - Stopped by Al Montoya with a rebound.
1:15 of 2nd period - Snap shot by Brian Gibbons.
1:15 of 2nd period - Stopped by Al Montoya with a rebound.
1:17 of 2nd period - Slapshot by Joe Whitney.
1:17 of 2nd period - Shot Misses the Net.
1:35 of 2nd period - Wrist shot by Jeremy Morin.
1:35 of 2nd period - Shot Misses the Net.
1:37 of 2nd period - Wrist shot by Joakim Nordstrom.
1:37 of 2nd period - Shot Misses the Net.
1:39 of 2nd period - Wrist shot by Brian O'Neill.
1:39 of 2nd period - Shot Blocked by Radek Martinek.
1:45 of 2nd period - Wrist shot by Jeremy Morin.
1:45 of 2nd period - Deflect By Joakim Nordstrom.
1:45 of 2nd period - Stopped by Al Montoya with a rebound.
1:47 of 2nd period - Slapshot by Maxime Fortunus.
1:47 of 2nd period - Shot Blocked by Radek Martinek.
2:46 of 2nd period - Wrist shot by Chris Thorburn.
2:46 of 2nd period - Shot Misses the Net.
2:48 of 2nd period - Slapshot by Jeff Taffe.
2:48 of 2nd period - Stopped by Tyler Bunz with a rebound.
3:10 of 2nd period - Joe Whitney is hit by Chris Thorburn and loses puck.
3:31 of 2nd period - Snap shot by Kevin Connauton.
3:31 of 2nd period - Shot Blocked by Ryan Sproul.
3:33 of 2nd period - Slapshot by Kevin Connauton.
3:33 of 2nd period - Shot Misses the Net.
3:35 of 2nd period - Snap shot by Antoine Roussel.
3:35 of 2nd period - Stopped by Tyler Bunz with a rebound.
4:05 of 2nd period - Minor Penalty to Cal O'Reilly for Elbowing.
4:06 of 2nd period - Jeff Taffe wins face-off versus Brian Gibbons in Falcons zone.
4:17 of 2nd period - Snap shot by Brian Gibbons.
4:17 of 2nd period - Goal by Brian Gibbons - Rivermen : 1 - Falcons : 2.
4:18 of 2nd period - Cal O'Reilly wins face-off versus Joakim Nordstrom in neutral zone.
4:21 of 2nd period - Anton Belov is hit by Austin Watson and loses puck.
4:42 of 2nd period - Jeremy Morin is hit by Kevin Connauton and loses puck.
4:53 of 2nd period - Antoine Roussel is hit by Jeremy Morin and loses puck.
5:22 of 2nd period - Drew Shore is hit by Anton Belov and loses puck.
5:45 of 2nd period - Joe Whitney is hit by Jeff Taffe and loses puck.
6:08 of 2nd period - Rob Davison is hit by Kevin Connauton and loses puck.
7:14 of 2nd period - Antoine Roussel is hit by Joe Whitney and loses puck.
7:31 of 2nd period - Joakim Nordstrom is hit by Brian Connelly and loses puck.
7:58 of 2nd period - Wrist shot by Mark Stone.
7:58 of 2nd period - Stopped by Al Montoya with a rebound.
8:00 of 2nd period - Slapshot by Anton Belov.
8:00 of 2nd period - Stopped by Al Montoya with a rebound.
8:48 of 2nd period - Wrist shot by Joakim Nordstrom.
8:48 of 2nd period - Shot Hit the Post.
8:50 of 2nd period - Snap shot by Brian O'Neill.
8:50 of 2nd period - Stopped by Al Montoya with a rebound.
8:58 of 2nd period - Joakim Nordstrom is hit by Chris Thorburn.
9:15 of 2nd period - Snap shot by Brian Gibbons.
9:15 of 2nd period - Stopped by Al Montoya with a rebound.
9:41 of 2nd period - Brian Connelly is hit by Blair Jones and loses puck.
10:14 of 2nd period - Joakim Nordstrom is hit by Antoine Roussel and loses puck.
10:23 of 2nd period - Joakim Nordstrom is hit by Antoine Roussel and loses puck.
10:43 of 2nd period - Brian Connelly is hit by Ryan Reaves and loses puck.
11:38 of 2nd period - Snap shot by Drew Shore.
11:38 of 2nd period - Stopped by Tyler Bunz with a rebound.
11:50 of 2nd period - Snap shot by Jordan Weal.
11:50 of 2nd period - Stopped by Tyler Bunz with a rebound.
11:52 of 2nd period - Snap shot by Philip Varone.
11:52 of 2nd period - Shot Blocked by Cody Goloubef.
11:54 of 2nd period - Wrist shot by Jordan Weal.
11:54 of 2nd period - Stopped by Tyler Bunz with a rebound.
12:18 of 2nd period - Mitch Callahan is hit by Anton Belov.
13:21 of 2nd period - Minor Penalty to Kris Fredheim for Interference.
13:22 of 2nd period - Brian Gibbons wins face-off versus Jeff Taffe in Falcons zone.
13:22 of 2nd period - Slapshot by Anton Belov.
13:22 of 2nd period - Shot Misses the Net.
13:56 of 2nd period - Antoine Roussel is hit by Jeremy Morin and loses puck.
14:08 of 2nd period - Maxime Fortunus is hit by Antoine Roussel and loses puck.
15:21 of 2nd period - Penalty to Kris Fredheim is over, Kris Fredheim is back on ice.
15:22 of 2nd period - Radek Martinek is hit by Blair Jones and loses puck.
15:35 of 2nd period - Joe Piskula is hit by Chris Thorburn and loses puck.
17:06 of 2nd period - Minor Penalty to Joe Whitney for Holding Stick.
17:07 of 2nd period - Cal O'Reilly wins face-off versus J.T. Brown in Rivermen zone.
17:20 of 2nd period - Snap shot by Blair Jones.
17:20 of 2nd period - Shot Misses the Net.
17:23 of 2nd period - Icing by Adam Pardy.
17:24 of 2nd period - Cal O'Reilly wins face-off versus J.T. Brown in Falcons zone.
17:52 of 2nd period - Snap shot by Chris Thorburn.
17:52 of 2nd period - Deflect By Cal O'Reilly.
17:52 of 2nd period - Deflect By Anton Belov.
17:52 of 2nd period - Shot Blocked by Brian Gibbons.
17:52 of 2nd period - Puck is out of play.
17:53 of 2nd period - Cal O'Reilly wins face-off versus Brian Gibbons in Rivermen zone.
18:10 of 2nd period - Slapshot by Kevin Connauton.
18:10 of 2nd period - Shot Blocked by Rob Davison.
18:16 of 2nd period - Jeff Taffe is hit by Blair Jones and loses puck.
18:50 of 2nd period - Adam Pardy is hit by Jeremy Morin and loses puck.
18:55 of 2nd period - Slapshot by Anton Belov.
18:55 of 2nd period - Stopped by Al Montoya without a rebound.
18:56 of 2nd period - Jeff Taffe wins face-off versus Brian Gibbons in Falcons zone.
19:06 of 2nd period - Penalty to Joe Whitney is over, Joe Whitney is back on ice.
19:27 of 2nd period - Brian O'Neill is hit by Adam Pardy and loses puck.
19:34 of 2nd period - Snap shot by Joakim Nordstrom.
19:34 of 2nd period - Shot Misses the Net.
19:40 of 2nd period - Joe Piskula is hit by Radek Martinek and loses puck.
Goals for this period are 1 for Rivermen vs 0 for Falcons.
Shots for this period are 10 for Rivermen vs 5 for Falcons.

3rd period


0:01 of 3rd period - Jeff Taffe wins face-off versus Blair Jones in neutral zone.
0:04 of 3rd period - Backhand shot by Chris Thorburn.
0:04 of 3rd period - Shot Blocked by Blair Jones.
1:03 of 3rd period - Wrist shot by Antoine Roussel.
1:03 of 3rd period - Shot Misses the Net.
1:05 of 3rd period - Snap shot by Cal O'Reilly.
1:05 of 3rd period - Stopped by Tyler Bunz with a rebound.
1:07 of 3rd period - Slapshot by Antoine Roussel.
1:07 of 3rd period - Shot Misses the Net.
1:09 of 3rd period - Snap shot by Antoine Roussel.
1:09 of 3rd period - Goal by Antoine Roussel - Rivermen : 1 - Falcons : 3.
1:10 of 3rd period - Joakim Nordstrom wins face-off versus Jeff Taffe in neutral zone.
1:19 of 3rd period - Slapshot by Joakim Nordstrom.
1:19 of 3rd period - Stopped by Al Montoya with a rebound.
1:35 of 3rd period - Slapshot by Kevin Connauton.
1:35 of 3rd period - Shot Misses the Net.
1:37 of 3rd period - Wrist shot by Jeff Taffe.
1:37 of 3rd period - Stopped by Tyler Bunz with a rebound.
1:39 of 3rd period - Slapshot by Brian Dumoulin.
1:39 of 3rd period - Stopped by Tyler Bunz with a rebound.
2:01 of 3rd period - Blair Jones is hit by Mitch Callahan.
2:45 of 3rd period - Minor Penalty to Drew Shore for Interference.
2:46 of 3rd period - Jeff Taffe wins face-off versus Brian Gibbons in Falcons zone.
2:54 of 3rd period - Radek Martinek is hit by Ryan Reaves and loses puck.
3:43 of 3rd period - Antoine Roussel is hit by Blair Jones and loses puck.
4:45 of 3rd period - Penalty to Drew Shore is over, Drew Shore is back on ice.
5:10 of 3rd period - Off-side.
5:11 of 3rd period - Quinton Howden wins face-off versus Joakim Nordstrom in neutral zone.
5:14 of 3rd period - Slapshot by Kevin Connauton.
5:14 of 3rd period - Deflect By Joakim Nordstrom.
5:14 of 3rd period - Stopped by Tyler Bunz with a rebound.
5:16 of 3rd period - Snap shot by Mitch Callahan.
5:16 of 3rd period - Stopped by Tyler Bunz with a rebound.
5:24 of 3rd period - Slapshot by Kevin Connauton.
5:24 of 3rd period - Goal by Kevin Connauton - Rivermen : 1 - Falcons : 4.
5:24 of 3rd period - Jared Coreau enters game.
5:25 of 3rd period - Joakim Nordstrom wins face-off versus Quinton Howden in neutral zone.
6:42 of 3rd period - Backhand shot by Blair Jones.
6:42 of 3rd period - Shot Misses the Net.
6:44 of 3rd period - Snap shot by Mark Stone.
6:44 of 3rd period - Deflect By J.T. Brown.
6:44 of 3rd period - Shot Misses the Net.
6:44 of 3rd period - Puck is out of play.
6:45 of 3rd period - Brian Gibbons wins face-off versus Jeff Taffe in Falcons zone.
7:50 of 3rd period - Snap shot by Blair Jones.
7:50 of 3rd period - Deflect By Cal O'Reilly.
7:50 of 3rd period - Shot Misses the Net.
7:50 of 3rd period - Puck is out of play.
7:51 of 3rd period - Joakim Nordstrom wins face-off versus Quinton Howden in Falcons zone.
8:04 of 3rd period - Snap shot by Quinton Howden.
8:04 of 3rd period - Goal by Quinton Howden - Rivermen : 1 - Falcons : 5.
8:05 of 3rd period - Chris Thorburn wins face-off versus Brian Gibbons in neutral zone.
8:20 of 3rd period - Wrist shot by Brian Gibbons.
8:20 of 3rd period - Shot Blocked by Kevin Connauton.
9:02 of 3rd period - Slapshot by J.T. Brown.
9:02 of 3rd period - Shot Blocked by Quinton Howden.
9:04 of 3rd period - Snap shot by Blair Jones.
9:04 of 3rd period - Shot Blocked by Adam Pardy.
9:27 of 3rd period - Minor Penalty to Mitch Callahan for Hooking.
9:28 of 3rd period - Brian Gibbons wins face-off versus Jeff Taffe in Falcons zone.
10:15 of 3rd period - Drew Shore is hit by Ryan Sproul and loses puck.
10:38 of 3rd period - Slapshot by Mark Stone.
10:38 of 3rd period - Shot Misses the Net.
11:08 of 3rd period - Slapshot by Brian Gibbons.
11:08 of 3rd period - Stopped by Al Montoya without a rebound.
11:09 of 3rd period - Jeff Taffe wins face-off versus Brian Gibbons in Falcons zone.
11:27 of 3rd period - Penalty to Mitch Callahan is over, Mitch Callahan is back on ice.
11:39 of 3rd period - Wrist shot by Drew Shore.
11:39 of 3rd period - Shot Misses the Net.
11:57 of 3rd period - Wrist shot by Quinton Howden.
11:57 of 3rd period - Stopped by Jared Coreau without a rebound.
11:58 of 3rd period - Quinton Howden wins face-off versus Joakim Nordstrom in Rivermen zone.
12:15 of 3rd period - Brian O'Neill is hit by Mitch Callahan.
12:19 of 3rd period - Snap shot by Jeremy Morin.
12:19 of 3rd period - Shot Blocked by Brian Connelly.
12:25 of 3rd period - Snap shot by Jeremy Morin.
12:25 of 3rd period - Stopped by Al Montoya with a rebound.
12:44 of 3rd period - Snap shot by Brian Gibbons.
12:44 of 3rd period - Shot Misses the Net.
12:47 of 3rd period - Icing by Antoine Roussel.
12:48 of 3rd period - Brian Gibbons wins face-off versus Cal O'Reilly in Falcons zone.
12:59 of 3rd period - Snap shot by Antoine Roussel.
12:59 of 3rd period - Shot Blocked by Maxime Fortunus.
13:01 of 3rd period - Snap shot by Antoine Roussel.
13:01 of 3rd period - Stopped by Jared Coreau without a rebound.
13:02 of 3rd period - Cal O'Reilly wins face-off versus Joakim Nordstrom in Rivermen zone.
13:13 of 3rd period - Wrist shot by Antoine Roussel.
13:13 of 3rd period - Goal by Antoine Roussel - Rivermen : 1 - Falcons : 6.
13:14 of 3rd period - Brian Gibbons wins face-off versus Jeff Taffe in neutral zone.
13:16 of 3rd period - Minor Penalty to Ryan Reaves for Holding.
13:17 of 3rd period - Jeff Taffe wins face-off versus J.T. Brown in Rivermen zone.
13:25 of 3rd period - Slapshot by Austin Watson.
13:25 of 3rd period - Shot Misses the Net.
13:35 of 3rd period - Snap shot by Drew Shore.
13:35 of 3rd period - Shot Blocked by Anton Belov.
13:37 of 3rd period - Slapshot by Austin Watson.
13:37 of 3rd period - Goal by Austin Watson - Rivermen : 1 - Falcons : 7.
13:38 of 3rd period - Blair Jones wins face-off versus Jeff Taffe in neutral zone.
13:56 of 3rd period - Minor Penalty to Adam Pardy for Tripping.
13:57 of 3rd period - Jeff Taffe wins face-off versus Blair Jones in Falcons zone.
14:28 of 3rd period - Off-side.
14:29 of 3rd period - Jeff Taffe wins face-off versus Brian Gibbons in neutral zone.
15:23 of 3rd period - Slapshot by Cal O'Reilly.
15:23 of 3rd period - Shot Misses the Net.
15:25 of 3rd period - Slapshot by Radek Martinek.
15:25 of 3rd period - Deflect By Cal O'Reilly.
15:25 of 3rd period - Shot Misses the Net.
15:25 of 3rd period - Puck is out of play.
15:26 of 3rd period - Cal O'Reilly wins face-off versus Blair Jones in Rivermen zone.
15:42 of 3rd period - Mark Stone is hit by Cal O'Reilly and loses puck.
15:56 of 3rd period - Penalty to Adam Pardy is over, Adam Pardy is back on ice.
15:59 of 3rd period - Snap shot by Ryan Reaves.
15:59 of 3rd period - Shot Misses the Net.
16:01 of 3rd period - Backhand shot by Anton Belov.
16:01 of 3rd period - Shot Misses the Net.
16:05 of 3rd period - Backhand shot by Brian Gibbons.
16:05 of 3rd period - Stopped by Al Montoya with a rebound.
16:07 of 3rd period - Slapshot by Ryan Sproul.
16:07 of 3rd period - Shot Misses the Net.
16:17 of 3rd period - Drew Shore is hit by Jeremy Morin and loses puck.
16:49 of 3rd period - Wrist shot by Jeff Hoggan.
16:49 of 3rd period - Stopped by Jared Coreau with a rebound.
18:09 of 3rd period - Anton Belov is hit by Jordan Weal and loses puck.
18:26 of 3rd period - Slapshot by Kevin Connauton.
18:26 of 3rd period - Shot Blocked by Rob Davison.
18:28 of 3rd period - Snap shot by Kevin Connauton.
18:28 of 3rd period - Falcons goal is going for a video replay.
18:28 of 3rd period - The goal is refused. The puck has been kicked using a distinct kicking motion..
18:29 of 3rd period - Blair Jones wins face-off versus Quinton Howden in Rivermen zone.
19:10 of 3rd period - Brian Dumoulin is hit by Rob Davison and loses puck.
19:46 of 3rd period - Snap shot by Blair Jones.
19:46 of 3rd period - Shot Misses the Net.
19:54 of 3rd period - Snap shot by Antoine Roussel.
19:54 of 3rd period - Shot Misses the Net.
Goals for this period are 0 for Rivermen vs 5 for Falcons.
Shots for this period are 4 for Rivermen vs 14 for Falcons.


Output by the SimonT Hockey Simulator (STHS) for Eric Dolegowski -- Original Page W3C XHTML 1.0 Valid
Hockey Simulator - Hockey Simulation - Hockey Manager